 Dungeon Crawl Stone Soup version 0.22-a0-443-g17c3723 (webtiles) character file.

25 cultivahabas the Skirmisher (level 2, -1/24 HPs)
             Began as a Demonspawn Monk on June 1, 2018.
             Slain by Natasha (4 damage)
             ... on level 2 of the Dungeon.
             The game lasted 00:02:10 (2133 turns).

cultivahabas the Skirmisher (Demonspawn Monk)       Turns: 2133, Time: 00:02:12

Health: -1/24      AC:  8    Str: 11    XL:     2   Next: 82%
Magic:  2/2        EV:  9    Int: 11    God:
Gold:   84         SH:  0    Dex: 15    Spells: 1/1 levels left

rFire    . . .     SeeInvis .     - Unarmed
rCold    . . .     Gourm    .   (no shield)
rNeg     . . .     Faith    .   l - +0 scale mail
rPois    .         Spirit   .   (no helmet)
rElec    .         Reflect  .   (no cloak)
rCorr    .         Harm     .   (no gloves)
MR       .....                  m - +1 pair of boots
Stlth    +.........             (no amulet)
HPRegen  0.08/turn              (no ring)
MPRegen  0.08/turn              (no ring)

@: no status effects
A: claws 1
a: no special abilities


You were on level 2 of the Dungeon.
You were near starving.

You visited 1 branch of the dungeon, and saw 2 of its levels.

You collected 84 gold pieces.

Inventory:

Missiles
 a - 103 stones (quivered)
Armour
 l - a +0 scale mail (worn)
 m - a +1 pair of boots (worn)
Scrolls
 d - 3 scrolls of remove curse {unknown}
 e - a scroll of magic mapping {unknown}
 f - 4 scrolls of identify {unknown}
 h - 2 scrolls of noise {unknown}
 i - a scroll of fog {unknown}
 k - 2 scrolls of immolation {unknown}
Potions
 b - a potion of lignification {unknown}
 g - a potion of agility {unknown}
 j - 2 potions of degeneration {unknown}
Comestibles
 c - 3 rations


   Skills:
 + Level 3.3 Fighting
   Level 3.1 Maces & Flails
 + Level 0.1 Armour
 - Level 2.6 Dodging
 - Level 1.7 Stealth
 * Level 1.1 Unarmed Combat


You had one spell level left.
You didn't know any spells.
Your spell library was empty.

Dungeon Overview and Level Annotations

Branches:
Dungeon (2/15)

Altars:

Annotations:
D:2 Natasha


Innate Abilities, Weirdness & Mutations

You have sharp fingernails.


Message History

Natasha, Servant of Life and Death comes into view.
Natasha hisses angrily.
Natasha is nearby!
Natasha is nearby!
Natasha is nearby!
Natasha extends her claws.
Natasha stares at you and mumbles some strange words.
The magic dart hits you! Natasha casts a spell at you. The magic dart hits you!
You scratch Natasha.
Natasha is lightly wounded.
Natasha claws you.
* * * LOW HITPOINT WARNING * * *
You scratch Natasha but do no damage.
Natasha is lightly wounded.
Natasha claws you.
* * * LOW HITPOINT WARNING * * *
Natasha claws you.
You die...

#....##.#....# #. #.##....
#....##.#.#.####.####.##....
#....##.#.#.......##........
#...........................
#....##.###.####..##.##.....
######....##.# #.# #..##.##.....
.........###.###.####..##.##.....
.#######.#.....h..........##.....
.# #.#.#.###@####..#####.....
.#######.#.#.# #.# #..# #.....
.......... ..# #.# #..# #.)...
..########.#####.####..######....
..# #. #..................
..######## ###.................
..........>. ....................
#.########.#####.####..######....
#.# #.............# #..#.


You could see Natasha.

Vanquished Creatures
  A leopard gecko (D:1)
  5 bats
  2 giant cockroaches
  3 goblins (D:1)
  2 hobgoblins (D:1)
  2 jackals (D:1)
  3 kobolds (D:1)
  A ball python (D:1)
  A frilled lizard (D:1)
  A rat (D:1)
21 creatures vanquished.

Notes
Turn   | Place    | Note
-------+----------+-------------------------------------------
     0 | D:1      | cultivahabas the Demonspawn Monk began the quest for the Orb.
     0 | D:1      | Reached XP level 1. HP: 18/18 MP: 1/1
   448 | D:1      | Gained mutation: You have sharp fingernails. [demonic ancestry]
   448 | D:1      | Reached XP level 2. HP: 7/24 MP: 2/2
  1279 | D:1      | Reached skill level 1 in Unarmed Combat
  2117 | D:2      | Noticed Natasha
  2133 | D:2      | Slain by Natasha

Vault maps used:
D:1:      dpeg_arrival_lava_temple_mockup
D:2:      grunt_dithmenos_smoke, first_ration, uniq_natasha, uniq_sigmund

Skill      XL: |  1  2 |
---------------+-------+-----
Maces & Flails | 3 |  3.1
Unarmed Combat | 1 |  1.1
Fighting       | |  3.3
Armour         | |  0.1
Dodging        | |  2.6
Stealth        | |  1.7

Action                   || total
-------------------------++-------
Melee: Mace              ||    30
       Unarmed           ||    62
 Stab: Sleeping          ||     3
  Eat: Chunk             ||     2
Armor: Robe              ||    14
       Scale mail        ||    18
Dodge: Dodged            ||    73

Table legend:
 A = Spawn XP
 B = Non-spawn XP
 C = Spawn XP percentage of total XP
 D = Spawn monster count
 E = Non-spawn monster count
 F = Spawn count percentage of total count
 G = Total turns spent on level
                    A         B        C        D         E        F      G
               +---------+---------+-------+---------+---------+-------+---------
         Total |       0 |      36 |   0.0 |       0 |      21 |   0.0 |  2133
               +---------+---------+-------+---------+---------+-------+---------
           D:1 |       0 |      33 |   0.0 |       0 |      19 |   0.0 |  1986
           D:2 |       0 |       3 |   0.0 |       0 |       2 |   0.0 |   147
               +---------+---------+-------+---------+---------+-------+---------
